Connexion

BUFFALO Sabres vs DALLAS Stars

Created - 7 décembre 2023 at 05:48

Goals
1 2 3 T
BUFFALO Sabres 2 2 0 4
DALLAS Stars 1 1 0 2
Shots
1 2 3 T
BUFFALO Sabres 8 16 12 36
DALLAS Stars 9 8 8 25

GoalsPenalties
1st period
1. DALLAS Stars , Darnell Nurse 6 (Nick Leddy 24, Sebastien Aho 31) at 2:46 (PP)
2. BUFFALO Sabres , Warren Foegele 3 (Eetu Luostarinen 7, Michael Del Zotto 8) at 3:12
3. BUFFALO Sabres , Ryan Johansen 12 (Mikhail Grigorenko 21, Joe Hicketts 12) at 19:52
Ivan Barbashev (BUF) for Interference (Minor) at 2:10
2nd period
4. DALLAS Stars , Brent Burns 6 (Dylan Cozens 26, Tyler Bertuzzi 20) at 6:33 (PP)
5. BUFFALO Sabres , Joe Hicketts 3 (Joel Farabee 7, Mikhail Grigorenko 22) at 12:53
6. BUFFALO Sabres , Eetu Luostarinen 4 (Michael Del Zotto 9) at 16:14
Hampus Lindholm (BUF) for Interference (Minor) at 4:39
Tyler Bertuzzi (DAL) for Tripping (Minor) at 7:59
Hampus Lindholm (BUF) for Hooking (Minor) at 7:59
Tanner Jeannot (DAL) for Roughing (Minor) at 13:51
Darnell Nurse (DAL) for Tripping (Minor) at 18:15
3rd period
No Goal
No Penalty
Goalie Stats
Michael Hutchinson (BUF), 23 saves from 25 shots - (0,920), W, 7-8-1, 60:00 minutes
Joonas Korpisalo (DAL), 15 saves from 19 shots - (0,789), L, 19-18-0, 36:14 minutes
Cam Talbot (DAL), 17 saves from 17 shots - (1,000), 23:46 minutes
3 StarsOfficial
1 - Joe Hicketts (BUF)
2 - Eetu Luostarinen (BUF)
3 - Michael Del Zotto (BUF)
Referees : Don Koharski and Steve Kozari
Linesman : Jonny Murray and Shane Heyer
Game Note
Cam Talbot enters game at 16:14 of 2nd period
Finance
Level 1 -- Attendance: 5991 (99,85%) -- Ticket Income $748,875
Level 2 -- Attendance: 5532 (100,00%) -- Ticket Income $414,900
Level 3 -- Attendance: 1938 (96,90%) -- Ticket Income $100,776
Level 4 -- Attendance: 3631 (90,78%) -- Ticket Income $130,716
Luxury Box -- Attendance: 1000 (100,00%) -- Ticket Income $245,000
Game was played at the American Airlines Center.
Total Attendance: 18092 (97,63%)
Total Ticket Income: $1,640,267
Other Income: $328,053
Total Income: $1,968,320



Team Name Goals Shots Shots Attemp Shots Blocked PIM HIT PP PK FO%
BUFFALO Sabres 43664106110 / 2 (0%)251%
DALLAS Stars 22562106192 / 2 (100%)049%

BUFFALO Sabres
Player Name POS G A P +/- PIM HIT SHT SB MP PP MP PP SHT PK MP PK SHT FO% FOT
Anton BlidhLW000000000:000:0000:0000% 0
Brandon SaadLW/RW0000014022:392:2501:5000% 1
Conor ShearyLW/RW0000003018:491:3310:00050% 4
Eetu LuostarinenC1122017215:080:0000:30050% 14
Hampus LindholmD0000400322:462:0400:1800% 0
Ivan BarbashevC/LW/RW0002222014:370:0000:0000% 0
Jesper BoqvistC/LW000000005:290:0000:00050% 6
Joe HickettsD1124001015:000:0000:5200% 0
Joel FarabeeLW0112023121:121:3300:000100% 1
Michael Del ZottoD0224010014:560:0000:0000% 0
Mikhail GrigorenkoC/LW/RW0222006218:062:2510:400100% 1
Nelson NogierD0000000021:181:5401:1400% 0
Ryan JohansenC1012003018:111:3311:20054% 24
Sam GagnerC/LW/RW0000002021:122:2500:40145% 22
Tanner Fritz C/LW/RW000000005:290:0000:000100% 1
Timothy LiljegrenD0000021224:342:0401:1600% 0
Tyler MyersD0000010021:241:5401:2000% 0
Warren FoegeleLW/RW1012014014:380:0000:0000% 1
DALLAS Stars
Player Name POS G A P +/- PIM HIT SHT SB MP PP MP PP SHT PK MP PK SHT FO% FOT
Anthony BeauvillierC/LW000-100204:490:0000:0000% 0
Blake ComeauLW/RW000-101004:490:0000:0000% 0
Brent BurnsD101-1001421:291:1911:4700% 0
Darnell NurseD101-1232023:441:1110:3400% 0
Dylan CozensC011-1001024:461:5502:16042% 24
Johan LarssonC/LW/RW000-1010018:070:3500:5300% 2
Kevin HayesC/LW/RW000-1023018:030:3500:49055% 20
Mathias NorlinderD000-2010214:350:0001:2600% 0
Mikhail SergachevD000-1041021:351:1901:5300% 0
Morgan FrostC000-100016:480:0001:16067% 6
Neal PionkD000-2000013:320:0000:2300% 0
Nick LeddyD011-1012325:041:1111:5300% 0
Reilly SmithLW/RW000-1002017:140:3500:0000% 0
Sebastien AhoC/LW/RW011-1002022:031:5500:49050% 2
Tanner JeannotLW/RW000-1240010:450:0000:0000% 0
Tomas HertlC/LW000-1002012:020:0000:00047% 15
Tyler BertuzziLW/RW011-1221023:061:5501:53067% 6
William KarlssonC/LW000-1006011:290:0000:0000% 0



Play-by-Play

1st period


0:01 of 1st period - Conor Sheary wins face-off versus Dylan Cozens in neutral zone.
0:17 of 1st period - Tyler Bertuzzi is hit by Timothy Liljegren and loses puck.
0:28 of 1st period - Shot by Dylan Cozens.
0:28 of 1st period - Shot Blocked by Hampus Lindholm.
1:19 of 1st period - Shot by Reilly Smith.
1:19 of 1st period - Shot Misses the Net.
1:44 of 1st period - Icing by Nelson Nogier.
1:45 of 1st period - Ryan Johansen wins face-off versus Tomas Hertl in BUFFALO Sabres zone.
2:01 of 1st period - Icing by Tanner Jeannot.
2:02 of 1st period - Eetu Luostarinen wins face-off versus Tomas Hertl in DALLAS Stars zone.
2:10 of 1st period - Minor Penalty to Ivan Barbashev for Interference.
2:11 of 1st period - Ryan Johansen wins face-off versus Dylan Cozens in BUFFALO Sabres zone.
2:42 of 1st period - Shot by Sebastien Aho.
2:42 of 1st period - Shot Blocked by Mikhail Grigorenko.
2:44 of 1st period - Shot by Nick Leddy.
2:44 of 1st period - Shot Blocked by Mikhail Grigorenko.
2:46 of 1st period - Shot by Darnell Nurse.
2:46 of 1st period - Goal by Darnell Nurse - BUFFALO Sabres : 0 - DALLAS Stars : 1.
2:47 of 1st period - Morgan Frost wins face-off versus Eetu Luostarinen in neutral zone.
2:58 of 1st period - Shot by Blake Comeau.
2:58 of 1st period - Shot Misses the Net.
3:12 of 1st period - Shot by Warren Foegele.
3:12 of 1st period - Goal by Warren Foegele - BUFFALO Sabres : 1 - DALLAS Stars : 1.
3:13 of 1st period - Jesper Boqvist wins face-off versus Tomas Hertl in neutral zone.
3:34 of 1st period - Shot by William Karlsson.
3:34 of 1st period - Shot Blocked by Timothy Liljegren.
3:53 of 1st period - Icing by Hampus Lindholm.
3:54 of 1st period - Dylan Cozens wins face-off versus Jesper Boqvist in BUFFALO Sabres zone.
4:19 of 1st period - Shot by Sebastien Aho.
4:19 of 1st period - Shot Misses the Net.
4:33 of 1st period - Shot by Sebastien Aho.
4:33 of 1st period - Shot Blocked by Hampus Lindholm.
4:35 of 1st period - Shot by Sebastien Aho.
4:35 of 1st period - Shot Blocked by Joel Farabee.
5:29 of 1st period - Shot by Brandon Saad.
5:29 of 1st period - Stopped by Joonas Korpisalo without a rebound.
5:30 of 1st period - Morgan Frost wins face-off versus Warren Foegele in DALLAS Stars zone.
6:09 of 1st period - Shot by Anthony Beauvillier.
6:09 of 1st period - Stopped by Michael Hutchinson without a rebound.
6:10 of 1st period - Dylan Cozens wins face-off versus Sam Gagner in BUFFALO Sabres zone.
6:11 of 1st period - Shot by Sebastien Aho.
6:11 of 1st period - Shot Misses the Net.
6:29 of 1st period - Shot by Conor Sheary.
6:29 of 1st period - Stopped by Joonas Korpisalo without a rebound.
6:30 of 1st period - Ryan Johansen wins face-off versus Kevin Hayes in DALLAS Stars zone.
8:05 of 1st period - Icing by Sebastien Aho.
8:06 of 1st period - Dylan Cozens wins face-off versus Eetu Luostarinen in DALLAS Stars zone.
8:43 of 1st period - Shot by William Karlsson.
8:43 of 1st period - Stopped by Michael Hutchinson with a rebound.
8:45 of 1st period - Shot by Mikhail Sergachev.
8:45 of 1st period - Shot Misses the Net.
8:47 of 1st period - Shot by William Karlsson.
8:47 of 1st period - Shot Misses the Net.
9:45 of 1st period - Reilly Smith is hit by Timothy Liljegren and loses puck.
10:08 of 1st period - Shot by Mathias Norlinder.
10:08 of 1st period - Shot Misses the Net.
10:10 of 1st period - Shot by Reilly Smith.
10:10 of 1st period - Shot Misses the Net.
10:38 of 1st period - Shot by Tyler Bertuzzi.
10:38 of 1st period - Shot Misses the Net.
11:18 of 1st period - Ryan Johansen is hit by Blake Comeau and loses puck.
12:27 of 1st period - Kevin Hayes is hit by Ivan Barbashev and loses puck.
14:47 of 1st period - Shot by Ryan Johansen.
14:47 of 1st period - Shot Misses the Net.
14:53 of 1st period - Shot by Mikhail Grigorenko.
14:53 of 1st period - Shot Misses the Net.
14:59 of 1st period - Shot by Ryan Johansen.
14:59 of 1st period - Shot Blocked by Mathias Norlinder.
15:26 of 1st period - Shot by Brandon Saad.
15:26 of 1st period - Stopped by Joonas Korpisalo without a rebound.
15:27 of 1st period - Jesper Boqvist wins face-off versus Dylan Cozens in DALLAS Stars zone.
16:03 of 1st period - Icing by Joel Farabee.
16:04 of 1st period - Tanner Fritz wins face-off versus Kevin Hayes in BUFFALO Sabres zone.
16:09 of 1st period - Shot by Joel Farabee.
16:09 of 1st period - Stopped by Joonas Korpisalo without a rebound.
16:10 of 1st period - Kevin Hayes wins face-off versus Sam Gagner in DALLAS Stars zone.
16:16 of 1st period - Brandon Saad is hit by Mikhail Sergachev and loses puck.
16:27 of 1st period - Shot by Conor Sheary.
16:27 of 1st period - Stopped by Joonas Korpisalo without a rebound.
16:28 of 1st period - Sebastien Aho wins face-off versus Sam Gagner in DALLAS Stars zone.
16:46 of 1st period - Brandon Saad is hit by Nick Leddy and loses puck.
16:53 of 1st period - Shot by Brandon Saad.
16:53 of 1st period - Stopped by Joonas Korpisalo with a rebound.
17:56 of 1st period - Icing by Darnell Nurse.
17:57 of 1st period - Eetu Luostarinen wins face-off versus Dylan Cozens in DALLAS Stars zone.
17:57 of 1st period - Eetu Luostarinen is hit by Darnell Nurse.
18:07 of 1st period - Shot by Eetu Luostarinen.
18:07 of 1st period - Shot Blocked by Nick Leddy.
18:25 of 1st period - Shot by Reilly Smith.
18:25 of 1st period - Shot Misses the Net.
18:37 of 1st period - Shot by Reilly Smith.
18:37 of 1st period - Shot Misses the Net.
18:43 of 1st period - Shot by Reilly Smith.
18:43 of 1st period - Shot Misses the Net.
18:45 of 1st period - Shot by Mikhail Sergachev.
18:45 of 1st period - Stopped by Michael Hutchinson without a rebound.
18:46 of 1st period - Tomas Hertl wins face-off versus Sam Gagner in BUFFALO Sabres zone.
18:53 of 1st period - Shot by William Karlsson.
18:53 of 1st period - Stopped by Michael Hutchinson without a rebound.
18:54 of 1st period - Tomas Hertl wins face-off versus Sam Gagner in BUFFALO Sabres zone.
18:59 of 1st period - Shot by Tomas Hertl.
18:59 of 1st period - Deflect By William Karlsson.
18:59 of 1st period - Stopped by Michael Hutchinson with a rebound.
19:32 of 1st period - Shot by William Karlsson.
19:32 of 1st period - Stopped by Michael Hutchinson with a rebound.
19:34 of 1st period - Shot by William Karlsson.
19:34 of 1st period - Stopped by Michael Hutchinson with a rebound.
19:36 of 1st period - Shot by Tomas Hertl.
19:36 of 1st period - Stopped by Michael Hutchinson without a rebound.
19:37 of 1st period - Mikhail Grigorenko wins face-off versus Johan Larsson in BUFFALO Sabres zone.
19:43 of 1st period - Icing by Ryan Johansen.
19:44 of 1st period - Ryan Johansen wins face-off versus Kevin Hayes in BUFFALO Sabres zone.
19:44 of 1st period - Ryan Johansen is hit by Kevin Hayes.
19:50 of 1st period - Shot by Mikhail Grigorenko.
19:50 of 1st period - Shot Blocked by Brent Burns.
19:52 of 1st period - Shot by Ryan Johansen.
19:52 of 1st period - Goal by Ryan Johansen - BUFFALO Sabres : 2 - DALLAS Stars : 1.
19:53 of 1st period - Kevin Hayes wins face-off versus Ryan Johansen in neutral zone.
Goals for this period are 2 for BUFFALO Sabres vs 1 for DALLAS Stars .
Shots for this period are 8 for BUFFALO Sabres vs 9 for DALLAS Stars .

2nd period


0:01 of 2nd period - Ryan Johansen wins face-off versus Kevin Hayes in neutral zone.
0:03 of 2nd period - Joel Farabee is hit by Darnell Nurse and loses puck.
0:21 of 2nd period - Shot by Kevin Hayes.
0:21 of 2nd period - Shot Misses the Net.
0:25 of 2nd period - Shot by Kevin Hayes.
0:25 of 2nd period - Shot Blocked by Timothy Liljegren.
0:27 of 2nd period - Shot by Nick Leddy.
0:27 of 2nd period - Shot Misses the Net.
1:03 of 2nd period - Shot by Sebastien Aho.
1:03 of 2nd period - Shot Misses the Net.
2:07 of 2nd period - Shot by William Karlsson.
2:07 of 2nd period - Shot Misses the Net.
2:13 of 2nd period - Shot by Warren Foegele.
2:13 of 2nd period - Deflect By Eetu Luostarinen.
2:13 of 2nd period - Stopped by Joonas Korpisalo without a rebound.
2:14 of 2nd period - Kevin Hayes wins face-off versus Jesper Boqvist in DALLAS Stars zone.
3:26 of 2nd period - Shot by Warren Foegele.
3:26 of 2nd period - Stopped by Joonas Korpisalo without a rebound.
3:27 of 2nd period - Dylan Cozens wins face-off versus Sam Gagner in DALLAS Stars zone.
3:57 of 2nd period - Shot by Tyler Bertuzzi.
3:57 of 2nd period - Stopped by Michael Hutchinson without a rebound.
3:58 of 2nd period - Ryan Johansen wins face-off versus Tomas Hertl in BUFFALO Sabres zone.
3:58 of 2nd period - Ryan Johansen is hit by Tanner Jeannot.
4:08 of 2nd period - Shot by Mikhail Grigorenko.
4:08 of 2nd period - Shot Blocked by Mathias Norlinder.
4:39 of 2nd period - Minor Penalty to Hampus Lindholm for Interference.
4:40 of 2nd period - Dylan Cozens wins face-off versus Ryan Johansen in BUFFALO Sabres zone.
4:57 of 2nd period - Icing by Mikhail Sergachev.
4:58 of 2nd period - Tyler Bertuzzi wins face-off versus Ryan Johansen in DALLAS Stars zone.
5:03 of 2nd period - Tyler Myers is hit by Tyler Bertuzzi and loses puck.
5:44 of 2nd period - Shot by Sam Gagner.
5:44 of 2nd period - Stopped by Joonas Korpisalo without a rebound.
5:45 of 2nd period - Ryan Johansen wins face-off versus Kevin Hayes in DALLAS Stars zone.
5:52 of 2nd period - Brandon Saad is hit by Kevin Hayes and loses puck.
6:19 of 2nd period - Shot by Nick Leddy.
6:19 of 2nd period - Stopped by Michael Hutchinson without a rebound.
6:20 of 2nd period - Sam Gagner wins face-off versus Dylan Cozens in BUFFALO Sabres zone.
6:33 of 2nd period - Shot by Brent Burns.
6:33 of 2nd period - Goal by Brent Burns - BUFFALO Sabres : 2 - DALLAS Stars : 2.
6:34 of 2nd period - Jesper Boqvist wins face-off versus Tomas Hertl in neutral zone.
6:34 of 2nd period - Joel Farabee is hit by Tanner Jeannot and loses puck.
6:52 of 2nd period - Shot by William Karlsson.
6:52 of 2nd period - Stopped by Michael Hutchinson without a rebound.
6:53 of 2nd period - Eetu Luostarinen wins face-off versus Johan Larsson in BUFFALO Sabres zone.
7:26 of 2nd period - Shot by Eetu Luostarinen.
7:26 of 2nd period - Stopped by Joonas Korpisalo with a rebound.
7:59 of 2nd period - Minor Penalty to Tyler Bertuzzi for Tripping.
7:59 of 2nd period - Minor Penalty to Hampus Lindholm for Hooking.
8:00 of 2nd period - Tomas Hertl wins face-off versus Ryan Johansen in BUFFALO Sabres zone.
8:19 of 2nd period - Shot by Dylan Cozens.
8:19 of 2nd period - Stopped by Michael Hutchinson without a rebound.
8:20 of 2nd period - Ryan Johansen wins face-off versus Tomas Hertl in BUFFALO Sabres zone.
8:29 of 2nd period - Shot by Timothy Liljegren.
8:29 of 2nd period - Stopped by Joonas Korpisalo without a rebound.
8:30 of 2nd period - Ryan Johansen wins face-off versus Tomas Hertl in DALLAS Stars zone.
8:39 of 2nd period - Shot by Ryan Johansen.
8:39 of 2nd period - Stopped by Joonas Korpisalo with a rebound.
9:33 of 2nd period - Shot by Sam Gagner.
9:33 of 2nd period - Shot Misses the Net.
10:07 of 2nd period - Shot by Reilly Smith.
10:07 of 2nd period - Shot Misses the Net.
10:09 of 2nd period - Shot by Reilly Smith.
10:09 of 2nd period - Stopped by Michael Hutchinson without a rebound.
10:10 of 2nd period - Kevin Hayes wins face-off versus Eetu Luostarinen in BUFFALO Sabres zone.
10:29 of 2nd period - Shot by Reilly Smith.
10:29 of 2nd period - Shot Blocked by Eetu Luostarinen.
10:43 of 2nd period - Shot by Johan Larsson.
10:43 of 2nd period - Deflect By Kevin Hayes.
10:43 of 2nd period - Stopped by Michael Hutchinson with a rebound.
10:46 of 2nd period - Icing by Hampus Lindholm.
10:47 of 2nd period - Eetu Luostarinen wins face-off versus Dylan Cozens in BUFFALO Sabres zone.
11:21 of 2nd period - Shot by Tyler Bertuzzi.
11:21 of 2nd period - Shot Misses the Net.
11:29 of 2nd period - Darnell Nurse is hit by Ivan Barbashev and loses puck.
11:40 of 2nd period - Brandon Saad is hit by Tyler Bertuzzi and loses puck.
12:15 of 2nd period - Shot by Sam Gagner.
12:15 of 2nd period - Shot Misses the Net.
12:17 of 2nd period - Shot by Conor Sheary.
12:17 of 2nd period - Shot Misses the Net.
12:43 of 2nd period - Shot by Mikhail Grigorenko.
12:43 of 2nd period - Deflect By Joel Farabee.
12:43 of 2nd period - Shot Misses the Net.
12:47 of 2nd period - Shot by Mikhail Grigorenko.
12:47 of 2nd period - Shot Misses the Net.
12:49 of 2nd period - Shot by Joel Farabee.
12:49 of 2nd period - Shot Misses the Net.
12:51 of 2nd period - Shot by Joel Farabee.
12:51 of 2nd period - Stopped by Joonas Korpisalo with a rebound.
12:53 of 2nd period - Shot by Joe Hicketts.
12:53 of 2nd period - Goal by Joe Hicketts - BUFFALO Sabres : 3 - DALLAS Stars : 2.
12:54 of 2nd period - Tomas Hertl wins face-off versus Jesper Boqvist in neutral zone.
13:50 of 2nd period - Joe Hicketts is hit by Tanner Jeannot and loses puck.
13:51 of 2nd period - Minor Penalty to Tanner Jeannot for Roughing.
13:52 of 2nd period - Morgan Frost wins face-off versus Sam Gagner in DALLAS Stars zone.
14:12 of 2nd period - Sam Gagner is hit by Mathias Norlinder and loses puck.
14:17 of 2nd period - Shot by Nelson Nogier.
14:17 of 2nd period - Shot Blocked by Morgan Frost.
14:21 of 2nd period - Shot by Mikhail Grigorenko.
14:21 of 2nd period - Stopped by Joonas Korpisalo without a rebound.
14:22 of 2nd period - Morgan Frost wins face-off versus Ryan Johansen in DALLAS Stars zone.
14:44 of 2nd period - Icing by Timothy Liljegren.
14:45 of 2nd period - Tyler Bertuzzi wins face-off versus Ryan Johansen in BUFFALO Sabres zone.
15:21 of 2nd period - Icing by Nelson Nogier.
15:22 of 2nd period - Sam Gagner wins face-off versus Sebastien Aho in BUFFALO Sabres zone.
15:59 of 2nd period - Shot by Eetu Luostarinen.
15:59 of 2nd period - Stopped by Joonas Korpisalo with a rebound.
16:14 of 2nd period - Shot by Eetu Luostarinen.
16:14 of 2nd period - Goal by Eetu Luostarinen - BUFFALO Sabres : 4 - DALLAS Stars : 2.
16:14 of 2nd period - Cam Talbot enters game.
16:15 of 2nd period - Kevin Hayes wins face-off versus Sam Gagner in neutral zone.
17:01 of 2nd period - Icing by Timothy Liljegren.
17:02 of 2nd period - Dylan Cozens wins face-off versus Sam Gagner in BUFFALO Sabres zone.
17:03 of 2nd period - Shot by Sebastien Aho.
17:03 of 2nd period - Stopped by Michael Hutchinson without a rebound.
17:04 of 2nd period - Dylan Cozens wins face-off versus Ryan Johansen in BUFFALO Sabres zone.
17:30 of 2nd period - Icing by Mikhail Sergachev.
17:31 of 2nd period - Dylan Cozens wins face-off versus Eetu Luostarinen in DALLAS Stars zone.
17:31 of 2nd period - Dylan Cozens is hit by Warren Foegele.
17:39 of 2nd period - Shot by Ivan Barbashev.
17:39 of 2nd period - Stopped by Cam Talbot with a rebound.
17:41 of 2nd period - Shot by Michael Del Zotto.
17:41 of 2nd period - Shot Blocked by Brent Burns.
17:43 of 2nd period - Shot by Eetu Luostarinen.
17:43 of 2nd period - Stopped by Cam Talbot with a rebound.
17:45 of 2nd period - Shot by Warren Foegele.
17:45 of 2nd period - Shot Misses the Net.
17:47 of 2nd period - Shot by Eetu Luostarinen.
17:47 of 2nd period - Deflect By Ivan Barbashev.
17:47 of 2nd period - Shot Misses the Net.
17:49 of 2nd period - Shot by Ivan Barbashev.
17:49 of 2nd period - Stopped by Cam Talbot without a rebound.
17:50 of 2nd period - Sam Gagner wins face-off versus Kevin Hayes in DALLAS Stars zone.
17:50 of 2nd period - Sam Gagner is hit by Darnell Nurse.
18:15 of 2nd period - Minor Penalty to Darnell Nurse for Tripping.
18:16 of 2nd period - Ryan Johansen wins face-off versus Tyler Bertuzzi in DALLAS Stars zone.
18:27 of 2nd period - Shot by Conor Sheary.
18:27 of 2nd period - Shot Blocked by Brent Burns.
18:29 of 2nd period - Shot by Ryan Johansen.
18:29 of 2nd period - Stopped by Cam Talbot with a rebound.
18:31 of 2nd period - Shot by Joel Farabee.
18:31 of 2nd period - Shot Blocked by Brent Burns.
18:33 of 2nd period - Shot by Conor Sheary.
18:33 of 2nd period - Shot Misses the Net.
18:35 of 2nd period - Shot by Conor Sheary.
18:35 of 2nd period - Stopped by Cam Talbot without a rebound.
18:36 of 2nd period - Tyler Bertuzzi wins face-off versus Brandon Saad in DALLAS Stars zone.
Goals for this period are 2 for BUFFALO Sabres vs 1 for DALLAS Stars .
Shots for this period are 16 for BUFFALO Sabres vs 8 for DALLAS Stars .

3rd period


0:01 of 3rd period - Sam Gagner wins face-off versus Tyler Bertuzzi in neutral zone.
0:03 of 3rd period - Off-side.
0:04 of 3rd period - Tyler Bertuzzi wins face-off versus Sam Gagner in neutral zone.
0:48 of 3rd period - Tanner Fritz is hit by Mikhail Sergachev and loses puck.
1:06 of 3rd period - Off-side.
1:07 of 3rd period - Sam Gagner wins face-off versus Dylan Cozens in neutral zone.
1:13 of 3rd period - Off-side.
1:14 of 3rd period - Sam Gagner wins face-off versus Dylan Cozens in neutral zone.
1:42 of 3rd period - Icing by Hampus Lindholm.
1:43 of 3rd period - Tomas Hertl wins face-off versus Sam Gagner in BUFFALO Sabres zone.
2:35 of 3rd period - Icing by Tyler Myers.
2:36 of 3rd period - Ryan Johansen wins face-off versus Dylan Cozens in BUFFALO Sabres zone.
2:47 of 3rd period - Shot by Joel Farabee.
2:47 of 3rd period - Stopped by Cam Talbot without a rebound.
2:48 of 3rd period - Eetu Luostarinen wins face-off versus Kevin Hayes in DALLAS Stars zone.
3:04 of 3rd period - Icing by Mikhail Sergachev.
3:05 of 3rd period - Kevin Hayes wins face-off versus Ryan Johansen in DALLAS Stars zone.
3:12 of 3rd period - Icing by Tyler Myers.
3:13 of 3rd period - Dylan Cozens wins face-off versus Ryan Johansen in BUFFALO Sabres zone.
3:30 of 3rd period - Shot by Mikhail Grigorenko.
3:30 of 3rd period - Stopped by Cam Talbot without a rebound.
3:31 of 3rd period - Conor Sheary wins face-off versus Kevin Hayes in DALLAS Stars zone.
3:45 of 3rd period - Conor Sheary is hit by Mikhail Sergachev and loses puck.
5:40 of 3rd period - Icing by Timothy Liljegren.
5:41 of 3rd period - Tomas Hertl wins face-off versus Conor Sheary in BUFFALO Sabres zone.
5:52 of 3rd period - Shot by William Karlsson.
5:52 of 3rd period - Shot Misses the Net.
5:54 of 3rd period - Shot by Tanner Jeannot.
5:54 of 3rd period - Deflect By Tomas Hertl.
5:54 of 3rd period - Stopped by Michael Hutchinson without a rebound.
5:55 of 3rd period - Kevin Hayes wins face-off versus Ryan Johansen in BUFFALO Sabres zone.
6:08 of 3rd period - Shot by Mikhail Grigorenko.
6:08 of 3rd period - Stopped by Cam Talbot without a rebound.
6:09 of 3rd period - Dylan Cozens wins face-off versus Eetu Luostarinen in DALLAS Stars zone.
6:16 of 3rd period - Shot by Joe Hicketts.
6:16 of 3rd period - Shot Misses the Net.
6:18 of 3rd period - Shot by Warren Foegele.
6:18 of 3rd period - Stopped by Cam Talbot without a rebound.
6:19 of 3rd period - Joel Farabee wins face-off versus Dylan Cozens in DALLAS Stars zone.
6:36 of 3rd period - Shot by Tyler Bertuzzi.
6:36 of 3rd period - Shot Misses the Net.
6:54 of 3rd period - Shot by Tyler Bertuzzi.
6:54 of 3rd period - Shot Misses the Net.
6:56 of 3rd period - Shot by Darnell Nurse.
6:56 of 3rd period - Stopped by Michael Hutchinson with a rebound.
6:58 of 3rd period - Shot by Sebastien Aho.
6:58 of 3rd period - Stopped by Michael Hutchinson without a rebound.
6:59 of 3rd period - Tomas Hertl wins face-off versus Eetu Luostarinen in BUFFALO Sabres zone.
6:59 of 3rd period - Tomas Hertl is hit by Michael Del Zotto.
7:09 of 3rd period - Shot by Eetu Luostarinen.
7:09 of 3rd period - Stopped by Cam Talbot without a rebound.
7:10 of 3rd period - Kevin Hayes wins face-off versus Eetu Luostarinen in DALLAS Stars zone.
7:29 of 3rd period - Eetu Luostarinen is hit by Mikhail Sergachev and loses puck.
7:39 of 3rd period - Warren Foegele is hit by Johan Larsson and loses puck.
7:48 of 3rd period - Shot by Kevin Hayes.
7:48 of 3rd period - Shot Misses the Net.
7:50 of 3rd period - Shot by Reilly Smith.
7:50 of 3rd period - Shot Blocked by Eetu Luostarinen.
10:09 of 3rd period - Off-side.
10:10 of 3rd period - Kevin Hayes wins face-off versus Conor Sheary in neutral zone.
10:55 of 3rd period - Shot by Kevin Hayes.
10:55 of 3rd period - Stopped by Michael Hutchinson without a rebound.
10:56 of 3rd period - Eetu Luostarinen wins face-off versus Dylan Cozens in BUFFALO Sabres zone.
11:12 of 3rd period - Tyler Bertuzzi is hit by Eetu Luostarinen and loses puck.
11:41 of 3rd period - Shot by Nick Leddy.
11:41 of 3rd period - Stopped by Michael Hutchinson with a rebound.
11:43 of 3rd period - Shot by Dylan Cozens.
11:43 of 3rd period - Deflect By Tyler Bertuzzi.
11:43 of 3rd period - Shot Misses the Net.
11:57 of 3rd period - Shot by Anthony Beauvillier.
11:57 of 3rd period - Stopped by Michael Hutchinson without a rebound.
11:58 of 3rd period - Kevin Hayes wins face-off versus Ryan Johansen in BUFFALO Sabres zone.
12:01 of 3rd period - Shot by Reilly Smith.
12:01 of 3rd period - Shot Hit the Post.
12:17 of 3rd period - Mikhail Sergachev is hit by Tyler Myers and loses puck.
12:36 of 3rd period - Shot by Mikhail Grigorenko.
12:36 of 3rd period - Stopped by Cam Talbot without a rebound.
12:37 of 3rd period - Sam Gagner wins face-off versus Morgan Frost in DALLAS Stars zone.
13:08 of 3rd period - Shot by Conor Sheary.
13:08 of 3rd period - Shot Misses the Net.
13:10 of 3rd period - Shot by Brandon Saad.
13:10 of 3rd period - Stopped by Cam Talbot without a rebound.
13:11 of 3rd period - Eetu Luostarinen wins face-off versus Dylan Cozens in DALLAS Stars zone.
13:49 of 3rd period - Shot by Joe Hicketts.
13:49 of 3rd period - Shot Blocked by Nick Leddy.
13:51 of 3rd period - Shot by Eetu Luostarinen.
13:51 of 3rd period - Shot Misses the Net.
13:53 of 3rd period - Shot by Warren Foegele.
13:53 of 3rd period - Shot Blocked by Nick Leddy.
14:13 of 3rd period - Tomas Hertl is hit by Joel Farabee and loses puck.
14:34 of 3rd period - Shot by Mikhail Grigorenko.
14:34 of 3rd period - Stopped by Cam Talbot with a rebound.
14:36 of 3rd period - Shot by Tyler Myers.
14:36 of 3rd period - Shot Misses the Net.
14:38 of 3rd period - Shot by Mikhail Grigorenko.
14:38 of 3rd period - Stopped by Cam Talbot without a rebound.
14:39 of 3rd period - Kevin Hayes wins face-off versus Sam Gagner in DALLAS Stars zone.
14:39 of 3rd period - Kevin Hayes is hit by Brandon Saad.
14:49 of 3rd period - Shot by Kevin Hayes.
14:49 of 3rd period - Shot Blocked by Hampus Lindholm.
16:06 of 3rd period - Shot by Eetu Luostarinen.
16:06 of 3rd period - Deflect By Warren Foegele.
16:06 of 3rd period - Stopped by Cam Talbot without a rebound.
16:07 of 3rd period - Ryan Johansen wins face-off versus Dylan Cozens in DALLAS Stars zone.
16:16 of 3rd period - Shot by Joel Farabee.
16:16 of 3rd period - Shot Misses the Net.
17:28 of 3rd period - Shot by Eetu Luostarinen.
17:28 of 3rd period - Shot Misses the Net.
17:30 of 3rd period - Shot by Eetu Luostarinen.
17:30 of 3rd period - Stopped by Cam Talbot without a rebound.
17:31 of 3rd period - Sam Gagner wins face-off versus Kevin Hayes in DALLAS Stars zone.
17:38 of 3rd period - Shot by Neal Pionk.
17:38 of 3rd period - Shot Misses the Net.
17:40 of 3rd period - Shot by Reilly Smith.
17:40 of 3rd period - Shot Misses the Net.
17:42 of 3rd period - Shot by Kevin Hayes.
17:42 of 3rd period - Stopped by Michael Hutchinson without a rebound.
17:43 of 3rd period - Sam Gagner wins face-off versus Tomas Hertl in BUFFALO Sabres zone.
17:43 of 3rd period - Sam Gagner is hit by Tanner Jeannot.
18:09 of 3rd period - Shot by Brandon Saad.
18:09 of 3rd period - Deflect By Sam Gagner.
18:09 of 3rd period - Stopped by Cam Talbot without a rebound.
18:10 of 3rd period - Ryan Johansen wins face-off versus Dylan Cozens in DALLAS Stars zone.
18:23 of 3rd period - Shot by Mikhail Grigorenko.
18:23 of 3rd period - Shot Misses the Net.
19:21 of 3rd period - Kevin Hayes is hit by Joel Farabee and loses puck.
19:46 of 3rd period - Shot by Johan Larsson.
19:46 of 3rd period - Shot Misses the Net.
19:48 of 3rd period - Shot by Reilly Smith.
19:48 of 3rd period - Stopped by Michael Hutchinson without a rebound.
19:49 of 3rd period - Sam Gagner wins face-off versus Morgan Frost in BUFFALO Sabres zone.
Goals for this period are 0 for BUFFALO Sabres vs 0 for DALLAS Stars .
Shots for this period are 12 for BUFFALO Sabres vs 8 for DALLAS Stars .